[ AOE2 MATCH · #469571200 ]
UnrankedPersians vs Celts
[ REPLAY ANALYSIS · EXTRACTED FROM THE RECORDED GAME ]
Feudal
10:16
Castle
15:49
Imperial
31:34
| APM avg | 39.8 |
| APM peak | 76 |
| eAPM avg | 25.5 |
| Villagers / military | 204 / 146 |
Focus
⚔️ 25.8% · 🌾 74.2%
Knight ×72 · Scout Cavalry ×56 · Camel Scout ×18
Feudal
11:28
Castle
20:20
Imperial
34:01
| APM avg | 29.2 |
| APM peak | 92 |
| eAPM avg | 18.4 |
| Villagers / military | 121 / 72 |
Focus
⚔️ 26.1% · 🌾 73.9%
Militia ×44 · Woad Raider ×12 · Spearman ×8 · Mangonel ×4 · Trebuchet (Packed) ×3 · Monk ×1
Feudal
11:34
Castle
16:08
Imperial
26:06
| APM avg | 30.0 |
| APM peak | 64 |
| eAPM avg | 19.7 |
| Villagers / military | 86 / 82 |
Focus
⚔️ 34.6% · 🌾 65.4%
Skirmisher ×41 · Scorpion ×15 · Organ Gun ×11 · Trebuchet (Packed) ×6 · Monk ×5 · Battering Ram ×3
Feudal
11:21
Castle
14:57
Imperial
29:55
| APM avg | 23.7 |
| APM peak | 43 |
| eAPM avg | 17.5 |
| Villagers / military | 154 / 188 |
Focus
⚔️ 26.8% · 🌾 73.2%
Knight ×182 · Trebuchet (Packed) ×3 · Missionary ×2 · Monk ×1
Feudal
8:57
Castle
21:41
Imperial
32:24
| APM avg | 38.9 |
| APM peak | 94 |
| eAPM avg | 24.5 |
| Villagers / military | 180 / 105 |
Focus
⚔️ 31.8% · 🌾 68.2%
Spearman ×69 · Battering Ram ×18 · Militia ×9 · Trebuchet (Packed) ×4 · Konnik ×3 · Mangonel ×2
Feudal
11:48
Castle
15:27
Imperial
28:44
| APM avg | 53.3 |
| APM peak | 97 |
| eAPM avg | 22.7 |
| Villagers / military | 118 / 138 |
Focus
⚔️ 31.7% · 🌾 68.3%
Cavalry Archer ×120 · Scout Cavalry ×12 · Trebuchet (Packed) ×3 · Monk ×2 · Bombard Cannon ×1
Feudal
9:55
Castle
20:20
Imperial
34:32
| APM avg | 26.5 |
| APM peak | 70 |
| eAPM avg | 12.7 |
| Villagers / military | 98 / 119 |
Focus
⚔️ 35.3% · 🌾 64.7%
Spearman ×58 · Knight ×44 · Scout Cavalry ×17
Feudal
10:51
Castle
14:33
Imperial
30:37
| APM avg | 40.8 |
| APM peak | 81 |
| eAPM avg | 22.4 |
| Villagers / military | 147 / 63 |
Focus
⚔️ 28.2% · 🌾 71.8%
Spearman ×54 · Bombard Cannon ×6 · Hussite Wagon ×3
Match map
Initial resources + every placement click. Lines = walls · curves = elevation contours. ◆ gold · ⬟ stone · ● berries · ✦ relic · ◌ wall gap
Inputs per minute
— Faker - - just a rookie dont blame me
Build order — Faker
First 150 of 480 actions detected
| 0:01 | Create | Villager (Male) |
| 0:01 | Create | Villager (Male) |
| 0:01 | Create | Villager (Male) |
| 0:02 | Create | Villager (Male) |
| 0:03 | Build | House |
| 0:04 | Build | House |
| 0:06 | Build | House |
| 0:26 | Create | Villager (Male) |
| 0:27 | Create | Villager (Male) |
| 1:40 | Create | Villager (Male) |
| 1:40 | Create | Villager (Male) |
| 2:06 | Create | Villager (Male) |
| 2:06 | Create | Villager (Male) |
| 2:08 | Build | Lumber Camp |
| 2:28 | Create | Villager (Male) |
| 2:28 | Create | Villager (Male) |
| 2:50 | Create | Villager (Male) |
| 2:50 | Create | Villager (Male) |
| 3:10 | Create | Villager (Male) |
| 3:10 | Create | Villager (Male) |
| 3:44 | Create | Villager (Male) |
| 3:44 | Create | Villager (Male) |
| 3:44 | Create | Villager (Male) |
| 4:11 | Build | Mill |
| 5:01 | Create | Villager (Male) |
| 5:01 | Create | Villager (Male) |
| 5:02 | Create | Villager (Male) |
| 5:12 | Create | Villager (Male) |
| 5:12 | Create | Villager (Male) |
| 5:12 | Create | Villager (Male) |
| 5:29 | Build | House |
| 5:30 | Build | House |
| 5:50 | Create | Villager (Male) |
| 5:50 | Create | Villager (Male) |
| 5:53 | Create | Villager (Male) |
| 6:17 | Create | Villager (Male) |
| 6:18 | Create | Villager (Male) |
| 6:41 | Build | Mill |
| 6:51 | Create | Villager (Male) |
| 6:51 | Create | Villager (Male) |
| 6:51 | Create | Villager (Male) |
| 6:51 | Create | Villager (Male) |
| 7:13 | Create | Villager (Male) |
| 7:14 | Create | Villager (Male) |
| 7:14 | Create | Villager (Male) |
| 7:35 | Create | Villager (Male) |
| 7:35 | Create | Villager (Male) |
| 7:50 | Create | Villager (Male) |
| 7:51 | Create | Villager (Male) |
| 7:51 | Create | Villager (Male) |
| 7:51 | Create | Villager (Male) |
| 7:59 | Research | Feudal Age |
| 7:59 | Research | Feudal Age |
| 9:39 | Build | Mining Camp |
| 9:57 | Create | Villager (Male) |
| 10:00 | Build | Farm |
| 10:00 | Build | Farm |
| 10:00 | Build | Farm |
| 10:00 | Build | Farm |
| 10:00 | Build | Farm |
| 10:16 | Age | Feudal Age |
| 10:19 | Research | Double-Bit Axe |
| 10:35 | Create | Villager (Male) |
| 10:58 | Create | Villager (Male) |
| 11:16 | Build | Blacksmith |
| 11:20 | Create | Villager (Male) |
| 11:29 | Build | House |
| 11:30 | Build | House |
| 11:48 | Create | Villager (Male) |
| 11:54 | Build | Farm |
| 11:54 | Build | Farm |
| 11:54 | Build | Farm |
| 11:54 | Build | Farm |
| 11:55 | Build | Farm |
| 12:13 | Create | Villager (Male) |
| 12:38 | Create | Villager (Male) |
| 12:49 | Build | Market |
| 12:54 | Create | Villager (Male) |
| 13:10 | Research | Horse Collar |
| 13:11 | Research | Horse Collar |
| 13:23 | Research | Castle Age |
| 13:23 | Research | Castle Age |
| 14:04 | Build | House |
| 14:05 | Build | House |
| 14:18 | Build | Farm |
| 14:18 | Build | Farm |
| 14:18 | Build | Farm |
| 14:18 | Build | Farm |
| 14:19 | Build | Farm |
| 14:50 | Build | Barracks |
| 15:22 | Create | Villager (Male) |
| 15:33 | Research | Gold Mining |
| 15:33 | Research | Gold Mining |
| 15:49 | Age | Castle Age |
| 15:51 | Create | Villager (Male) |
| 16:01 | Build | Town Center |
| 16:13 | Create | Villager (Male) |
| 16:15 | Research | Bow Saw |
| 16:48 | Create | Villager (Male) |
| 16:51 | Research | Heavy Plow |
| 16:52 | Research | Heavy Plow |
| 16:55 | Create | Villager (Male) |
| 17:15 | Build | Town Center |
| 17:20 | Create | Villager (Male) |
| 17:21 | Create | Villager (Male) |
| 17:27 | Research | Stone Mining |
| 17:29 | Create | Villager (Male) |
| 17:40 | Create | Villager (Male) |
| 17:40 | Create | Villager (Male) |
| 17:54 | Research | Heavy Plow |
| 17:54 | Research | Heavy Plow |
| 17:58 | Create | Villager (Male) |
| 17:58 | Create | Villager (Male) |
| 17:59 | Create | Villager (Male) |
| 18:09 | Create | Villager (Male) |
| 18:10 | Create | Villager (Male) |
| 18:16 | Build | Farm |
| 18:16 | Build | Farm |
| 18:16 | Build | Farm |
| 18:17 | Build | Farm |
| 18:22 | Research | Loom |
| 18:25 | Build | Farm |
| 18:25 | Build | Farm |
| 18:26 | Build | Farm |
| 18:33 | Create | Villager (Male) |
| 18:41 | Create | Villager (Male) |
| 18:41 | Create | Villager (Male) |
| 18:46 | Build | Farm |
| 18:52 | Build | Stable |
| 18:58 | Create | Villager (Male) |
| 18:59 | Create | Villager (Male) |
| 18:59 | Create | Villager (Male) |
| 19:10 | Create | Villager (Male) |
| 19:10 | Create | Villager (Male) |
| 19:12 | Build | Farm |
| 19:12 | Build | Farm |
| 19:12 | Build | Farm |
| 19:14 | Create | Villager (Male) |
| 19:14 | Create | Villager (Male) |
| 19:16 | Build | Farm |
| 19:28 | Build | Lumber Camp |
| 19:30 | Create | Villager (Male) |
| 19:31 | Create | Villager (Male) |
| 19:34 | Create | Villager (Male) |
| 19:34 | Create | Villager (Male) |
| 19:47 | Create | Villager (Male) |
| 19:47 | Create | Villager (Male) |
| 19:50 | Build | Farm |
| 19:54 | Build | Farm |
| 19:57 | Create | Knight |
Build order — just a rookie dont blame me
First 150 of 364 actions detected
| 0:02 | Create | Villager (Male) |
| 0:02 | Create | Villager (Male) |
| 0:02 | Create | Villager (Male) |
| 0:03 | Create | Villager (Male) |
| 0:03 | Create | Villager (Male) |
| 0:04 | Build | House |
| 0:05 | Build | House |
| 1:25 | Create | Villager (Male) |
| 1:25 | Create | Villager (Male) |
| 1:53 | Build | Lumber Camp |
| 1:58 | Create | Villager (Male) |
| 1:58 | Create | Villager (Male) |
| 2:20 | Create | Villager (Male) |
| 2:20 | Create | Villager (Male) |
| 2:59 | Create | Villager (Male) |
| 2:59 | Create | Villager (Male) |
| 3:04 | Create | Villager (Male) |
| 3:28 | Create | Villager (Male) |
| 3:28 | Create | Villager (Male) |
| 3:58 | Build | House |
| 3:59 | Build | House |
| 4:05 | Create | Villager (Male) |
| 4:05 | Create | Villager (Male) |
| 4:11 | Build | House |
| 4:40 | Create | Villager (Male) |
| 4:40 | Create | Villager (Male) |
| 4:41 | Create | Villager (Male) |
| 5:17 | Build | Mill |
| 5:19 | Create | Villager (Male) |
| 5:43 | Create | Villager (Male) |
| 6:14 | Create | Villager (Male) |
| 6:34 | Create | Villager (Male) |
| 6:50 | Build | Mining Camp |
| 7:03 | Build | Mill |
| 7:07 | Create | Villager (Male) |
| 7:38 | Create | Villager (Male) |
| 7:40 | Create | Villager (Male) |
| 8:07 | Build | Mining Camp |
| 8:11 | Create | Villager (Male) |
| 8:31 | Create | Villager (Male) |
| 8:47 | Research | Feudal Age |
| 9:35 | Build | House |
| 9:37 | Build | House |
| 10:09 | Build | Barracks |
| 10:20 | Build | House |
| 10:30 | Build | House |
| 10:36 | Build | Palisade Wall |
| 10:41 | Research | Loom |
| 11:28 | Age | Feudal Age |
| 11:33 | Build | Watch Tower |
| 11:45 | Build | Blacksmith |
| 12:09 | Create | Villager (Male) |
| 12:10 | Create | Villager (Male) |
| 12:24 | Research | Double-Bit Axe |
| 12:27 | Create | Villager (Male) |
| 12:32 | Research | Fletching |
| 12:58 | Create | Villager (Male) |
| 13:02 | Build | Farm |
| 13:26 | Build | Farm |
| 13:51 | Create | Villager (Male) |
| 13:52 | Build | Farm |
| 14:01 | Build | Watch Tower |
| 14:18 | Build | Building 490 |
| 14:28 | Create | Villager (Male) |
| 14:30 | Build | Farm |
| 14:53 | Create | Villager (Male) |
| 14:55 | Build | Farm |
| 14:58 | Build | Farm |
| 15:00 | Build | Farm |
| 15:04 | Build | Farm |
| 15:06 | Build | Farm |
| 15:07 | Create | Villager (Male) |
| 15:22 | Create | Villager (Male) |
| 15:26 | Build | Farm |
| 15:29 | Build | Market |
| 15:45 | Create | Villager (Male) |
| 15:47 | Build | Farm |
| 15:57 | Build | Farm |
| 16:47 | Build | Watch Tower |
| 16:49 | Build | Farm |
| 17:14 | Create | Villager (Male) |
| 17:40 | Research | Castle Age |
| 17:42 | Create | Villager (Male) |
| 17:55 | Build | Farm |
| 18:07 | Research | Horse Collar |
| 18:07 | Research | Horse Collar |
| 19:33 | Research | Gold Mining |
| 19:58 | Create | Villager (Male) |
| 20:12 | Create | Villager (Male) |
| 20:20 | Age | Castle Age |
| 20:24 | Build | Siege Workshop |
| 20:32 | Create | Villager (Male) |
| 20:33 | Research | Stone Mining |
| 20:36 | Research | Bow Saw |
| 20:58 | Create | Mangonel |
| 21:08 | Create | Villager (Male) |
| 21:26 | Create | Villager (Male) |
| 21:44 | Create | Villager (Male) |
| 22:04 | Create | Villager (Male) |
| 22:19 | Build | Town Center |
| 22:44 | Build | Barracks |
| 22:45 | Create | Villager (Male) |
| 22:48 | Create | Villager (Male) |
| 23:05 | Create | Villager (Male) |
| 23:23 | Create | Villager (Male) |
| 23:29 | Create | Villager (Male) |
| 23:32 | Create | Villager (Male) |
| 23:56 | Build | Building 673 |
| 23:57 | Create | Villager (Male) |
| 24:00 | Research | Wheelbarrow |
| 24:02 | Create | Villager (Male) |
| 24:12 | Create | Villager (Male) |
| 24:14 | Build | Farm |
| 24:15 | Create | Villager (Male) |
| 24:40 | Build | Farm |
| 24:41 | Build | House |
| 24:57 | Create | Villager (Male) |
| 25:00 | Create | Villager (Male) |
| 25:19 | Build | Castle |
| 25:31 | Create | Mangonel |
| 25:33 | Create | Villager (Male) |
| 25:35 | Build | House |
| 25:35 | Build | House |
| 25:36 | Build | House |
| 26:00 | Create | Villager (Male) |
| 26:01 | Build | Farm |
| 26:03 | Build | Farm |
| 26:07 | Build | Farm |
| 26:09 | Create | Villager (Male) |
| 26:11 | Build | Farm |
| 26:13 | Build | Farm |
| 26:18 | Create | Villager (Male) |
| 26:28 | Build | Barracks |
| 26:31 | Build | Farm |
| 26:32 | Create | Villager (Male) |
| 26:33 | Build | Farm |
| 26:35 | Create | Villager (Male) |
| 26:50 | Build | House |
| 27:02 | Build | House |
| 27:03 | Build | House |
| 27:04 | Create | Villager (Male) |
| 27:08 | Build | Lumber Camp |
| 27:09 | Build | House |
| 27:10 | Build | House |
| 27:23 | Build | Farm |
| 27:23 | Build | Farm |
| 27:24 | Create | Villager (Male) |
| 27:31 | Create | Villager (Male) |
| 27:40 | Build | Monastery |
| 27:42 | Create | Villager (Male) |
Build order — Clint Eastwood
First 150 of 306 actions detected
| 0:01 | Create | Villager (Male) |
| 0:02 | Create | Villager (Male) |
| 0:03 | Build | House |
| 0:04 | Build | House |
| 0:19 | Create | Villager (Male) |
| 0:19 | Create | Villager (Male) |
| 0:20 | Create | Villager (Male) |
| 1:33 | Create | Villager (Male) |
| 1:33 | Create | Villager (Male) |
| 1:59 | Build | Lumber Camp |
| 2:03 | Create | Villager (Male) |
| 2:31 | Create | Villager (Male) |
| 3:03 | Create | Villager (Male) |
| 3:03 | Create | Villager (Male) |
| 3:18 | Create | Villager (Male) |
| 3:34 | Build | House |
| 3:38 | Build | House |
| 3:48 | Create | Villager (Male) |
| 3:51 | Build | House |
| 4:23 | Create | Villager (Male) |
| 4:23 | Create | Villager (Male) |
| 4:49 | Create | Villager (Male) |
| 4:49 | Create | Villager (Male) |
| 4:49 | Create | Villager (Male) |
| 5:07 | Create | Villager (Male) |
| 5:33 | Create | Villager (Male) |
| 5:34 | Create | Villager (Male) |
| 5:51 | Create | Villager (Male) |
| 6:29 | Create | Villager (Male) |
| 6:34 | Build | Mining Camp |
| 7:01 | Create | Villager (Male) |
| 7:20 | Create | Villager (Male) |
| 7:21 | Build | Outpost |
| 7:26 | Build | Mill |
| 7:29 | Create | Villager (Male) |
| 8:06 | Build | Farm |
| 8:06 | Build | Farm |
| 8:06 | Build | Farm |
| 8:10 | Create | Villager (Male) |
| 8:35 | Create | Villager (Male) |
| 8:36 | Build | Farm |
| 8:57 | Build | House |
| 9:23 | Research | Feudal Age |
| 10:04 | Build | Farm |
| 10:16 | Create | Villager (Male) |
| 10:17 | Create | Villager (Male) |
| 11:34 | Age | Feudal Age |
| 11:36 | Build | Market |
| 11:38 | Build | Blacksmith |
| 11:44 | Build | Farm |
| 11:45 | Build | Farm |
| 11:47 | Create | Villager (Male) |
| 12:31 | Build | Mining Camp |
| 13:01 | Create | Villager (Male) |
| 13:28 | Research | Castle Age |
| 13:36 | Research | Double-Bit Axe |
| 13:51 | Build | House |
| 14:01 | Research | Horse Collar |
| 15:28 | Create | Villager (Male) |
| 15:29 | Create | Villager (Male) |
| 15:31 | Build | Lumber Camp |
| 15:45 | Research | Loom |
| 15:46 | Create | Villager (Male) |
| 16:08 | Age | Castle Age |
| 17:06 | Build | Castle |
| 17:10 | Create | Villager (Male) |
| 17:10 | Create | Villager (Male) |
| 17:33 | Build | Farm |
| 17:33 | Build | Farm |
| 17:33 | Build | Farm |
| 17:33 | Build | Farm |
| 17:34 | Build | Farm |
| 17:34 | Build | Farm |
| 17:34 | Build | Farm |
| 17:34 | Build | Farm |
| 17:34 | Build | Farm |
| 17:36 | Create | Villager (Male) |
| 17:41 | Build | House |
| 18:17 | Create | Villager (Male) |
| 18:27 | Create | Organ Gun |
| 18:28 | Create | Organ Gun |
| 18:30 | Create | Villager (Male) |
| 18:45 | Build | Farm |
| 19:06 | Create | Villager (Male) |
| 19:11 | Build | House |
| 19:14 | Build | House |
| 19:15 | Build | House |
| 19:31 | Build | Outpost |
| 20:09 | Create | Villager (Male) |
| 20:10 | Create | Villager (Male) |
| 20:37 | Create | Villager (Male) |
| 20:48 | Build | Monastery |
| 21:32 | Create | Villager (Male) |
| 21:35 | Create | Villager (Male) |
| 22:06 | Build | Farm |
| 22:50 | Build | Mining Camp |
| 22:55 | Build | Farm |
| 22:56 | Research | Imperial Age |
| 22:56 | Research | Imperial Age |
| 23:01 | Create | Monk |
| 23:09 | Create | Organ Gun |
| 23:46 | Research | Bow Saw |
| 24:23 | Research | Gold Mining |
| 24:30 | Create | Villager (Male) |
| 25:15 | Build | Building 487 |
| 25:47 | Build | Stone Wall |
| 26:06 | Age | Imperial Age |
| 26:06 | Create | Trebuchet (Packed) |
| 26:07 | Create | Trebuchet (Packed) |
| 26:08 | Create | Trebuchet (Packed) |
| 26:10 | Create | Villager (Male) |
| 26:23 | Build | Palisade Wall |
| 26:30 | Build | Palisade Gate |
| 26:33 | Build | Palisade Wall |
| 27:17 | Build | Building 796 |
| 27:19 | Build | Palisade Wall |
| 27:29 | Create | Villager (Male) |
| 27:30 | Create | Villager (Male) |
| 27:45 | Build | Building 487 |
| 27:54 | Create | Trebuchet (Packed) |
| 27:58 | Build | Siege Workshop |
| 28:00 | Create | Villager (Male) |
| 28:22 | Build | Siege Workshop |
| 28:35 | Research | Redemption |
| 28:37 | Research | Sanctity |
| 28:37 | Create | Monk |
| 28:40 | Build | Monastery |
| 28:47 | Create | Organ Gun |
| 28:47 | Create | Organ Gun |
| 28:52 | Build | Palisade Wall |
| 29:00 | Create | Mangonel |
| 29:04 | Create | Organ Gun |
| 29:09 | Create | Villager (Male) |
| 29:10 | Create | Villager (Male) |
| 29:12 | Research | Wheelbarrow |
| 29:13 | Create | Villager (Male) |
| 29:21 | Research | Capped Ram (upgrade) |
| 29:23 | Create | Monk |
| 29:23 | Create | Monk |
| 30:00 | Create | Organ Gun |
| 30:05 | Create | Scorpion |
| 30:23 | Create | Scorpion |
| 30:23 | Create | Scorpion |
| 30:31 | Create | Scorpion |
| 30:32 | Create | Scorpion |
| 30:41 | Build | Building 487 |
| 30:50 | Build | Stone Wall |
| 30:54 | Research | Fletching |
| 30:56 | Create | Scorpion |
| 30:56 | Create | Scorpion |
Build order — jimmy211211
First 150 of 422 actions detected
| 0:01 | Create | Villager (Male) ×4 |
| 0:04 | Build | House |
| 0:05 | Build | House |
| 1:26 | Create | Villager (Male) |
| 1:26 | Create | Villager (Male) |
| 1:55 | Create | Villager (Male) |
| 1:55 | Create | Villager (Male) |
| 2:11 | Create | Villager (Male) |
| 2:37 | Create | Villager (Male) |
| 3:09 | Build | Lumber Camp |
| 3:11 | Create | Villager (Male) |
| 3:28 | Build | House |
| 3:29 | Build | House |
| 3:31 | Build | House |
| 3:45 | Create | Villager (Male) |
| 3:45 | Create | Villager (Male) |
| 4:05 | Create | Villager (Male) |
| 4:05 | Create | Villager (Male) |
| 4:32 | Create | Villager (Male) |
| 4:33 | Create | Villager (Male) |
| 4:46 | Build | Mill |
| 4:55 | Build | Mill |
| 5:01 | Create | Villager (Male) |
| 5:02 | Research | Loom |
| 5:22 | Create | Villager (Male) |
| 5:22 | Create | Villager (Male) |
| 5:49 | Create | Villager (Male) |
| 5:49 | Create | Villager (Male) |
| 5:57 | Create | Villager (Male) |
| 5:57 | Create | Villager (Male) |
| 6:09 | Create | Villager (Male) |
| 6:24 | Create | Villager (Male) |
| 6:53 | Create | Villager (Male) |
| 6:53 | Create | Villager (Male) |
| 7:31 | Build | Mill |
| 7:56 | Create | Villager (Male) |
| 7:56 | Create | Villager (Male) |
| 7:56 | Create | Villager (Male) |
| 8:15 | Create | Villager (Male) |
| 8:25 | Build | Mining Camp |
| 9:11 | Research | Feudal Age |
| 9:24 | Build | Farm |
| 10:03 | Build | Farm |
| 10:04 | Build | Farm |
| 10:06 | Build | Farm |
| 10:08 | Build | Farm |
| 10:17 | Build | Farm |
| 10:20 | Build | Farm |
| 11:21 | Age | Feudal Age |
| 11:24 | Build | Blacksmith |
| 11:27 | Create | Villager (Male) |
| 11:27 | Create | Villager (Male) |
| 11:34 | Build | Market |
| 12:15 | Research | Castle Age |
| 13:44 | Build | Lumber Camp |
| 13:50 | Build | House |
| 13:58 | Build | House |
| 14:02 | Build | House |
| 14:11 | Research | Double-Bit Axe |
| 14:38 | Create | Villager (Male) |
| 14:57 | Age | Castle Age |
| 15:00 | Create | Villager (Male) |
| 15:03 | Build | Town Center |
| 15:13 | Create | Villager (Male) |
| 15:46 | Build | Town Center |
| 15:51 | Create | Villager (Male) |
| 16:02 | Create | Villager (Male) |
| 16:03 | Create | Villager (Male) |
| 16:03 | Create | Villager (Male) |
| 16:04 | Create | Villager (Male) |
| 16:19 | Create | Villager (Male) |
| 16:33 | Build | Monastery |
| 16:46 | Create | Villager (Male) |
| 16:46 | Create | Villager (Male) |
| 17:04 | Create | Villager (Male) |
| 17:04 | Create | Villager (Male) |
| 17:09 | Create | Monk |
| 17:12 | Create | Missionary |
| 17:12 | Create | Missionary |
| 17:17 | Create | Villager (Male) |
| 17:17 | Create | Villager (Male) |
| 17:26 | Research | Horse Collar |
| 17:30 | Build | Farm |
| 17:30 | Build | Farm |
| 17:30 | Build | Farm |
| 17:31 | Build | Farm |
| 17:31 | Build | Farm |
| 17:31 | Build | Farm |
| 17:31 | Build | Farm |
| 17:31 | Build | Farm |
| 17:32 | Build | Farm |
| 17:33 | Build | Farm |
| 17:33 | Build | Farm |
| 17:38 | Create | Villager (Male) |
| 17:38 | Create | Villager (Male) |
| 17:39 | Create | Villager (Male) |
| 17:55 | Create | Villager (Male) |
| 18:08 | Build | Farm |
| 18:08 | Build | Farm |
| 18:08 | Build | Farm |
| 18:08 | Build | Farm |
| 18:09 | Build | Farm |
| 18:15 | Build | Farm |
| 18:18 | Create | Villager (Male) |
| 18:18 | Create | Villager (Male) |
| 18:44 | Create | Villager (Male) |
| 18:44 | Create | Villager (Male) |
| 18:49 | Build | House |
| 18:50 | Build | House |
| 18:51 | Build | House |
| 18:52 | Build | House |
| 19:18 | Create | Villager (Male) |
| 19:18 | Create | Villager (Male) |
| 19:18 | Create | Villager (Male) |
| 19:20 | Create | Villager (Male) |
| 19:30 | Build | Town Center |
| 19:31 | Create | Villager (Male) |
| 19:36 | Create | Villager (Male) |
| 19:48 | Build | House |
| 19:49 | Build | House |
| 19:49 | Build | House |
| 19:49 | Build | House |
| 19:50 | Build | House |
| 19:50 | Build | House |
| 19:50 | Build | House |
| 19:50 | Build | House |
| 19:51 | Build | House |
| 19:51 | Build | House |
| 19:51 | Build | House |
| 19:51 | Build | House |
| 19:52 | Build | House |
| 19:52 | Build | House |
| 19:55 | Create | Villager (Male) |
| 19:56 | Create | Villager (Male) |
| 20:13 | Create | Villager (Male) |
| 20:13 | Create | Villager (Male) |
| 20:13 | Create | Villager (Male) |
| 20:23 | Create | Villager (Male) |
| 20:32 | Create | Villager (Male) |
| 20:32 | Create | Villager (Male) |
| 20:40 | Build | Farm |
| 20:40 | Build | Farm |
| 20:40 | Build | Farm |
| 20:41 | Build | Farm |
| 20:41 | Build | Farm |
| 20:41 | Build | Farm |
| 20:43 | Build | Farm |
| 20:43 | Build | Farm |
| 20:44 | Build | Farm |
| 20:47 | Create | Villager (Male) |
Build order — sefakcaoglu
First 150 of 456 actions detected
| 0:01 | Create | Villager (Male) |
| 0:02 | Create | Villager (Male) |
| 0:02 | Create | Villager (Male) |
| 0:02 | Create | Villager (Male) |
| 0:03 | Build | House |
| 0:04 | Build | House |
| 1:27 | Create | Villager (Male) |
| 1:28 | Create | Villager (Male) |
| 1:51 | Build | Lumber Camp |
| 2:01 | Create | Villager (Male) |
| 2:01 | Create | Villager (Male) |
| 2:14 | Create | Villager (Male) |
| 2:15 | Create | Villager (Male) |
| 2:46 | Create | Villager (Male) |
| 2:47 | Create | Villager (Male) |
| 3:00 | Create | Villager (Male) |
| 3:01 | Create | Villager (Male) |
| 3:44 | Create | Villager (Male) |
| 3:44 | Create | Villager (Male) |
| 3:44 | Create | Villager (Male) |
| 3:52 | Create | Villager (Male) |
| 3:55 | Build | House |
| 4:24 | Build | Mill |
| 4:37 | Create | Villager (Male) |
| 4:38 | Create | Villager (Male) |
| 4:38 | Create | Villager (Male) |
| 4:38 | Create | Villager (Male) |
| 5:18 | Create | Villager (Male) |
| 5:18 | Create | Villager (Male) |
| 5:18 | Create | Villager (Male) |
| 5:19 | Create | Villager (Male) |
| 5:53 | Create | Villager (Male) |
| 5:53 | Create | Villager (Male) |
| 6:12 | Research | Loom |
| 6:26 | Create | Villager (Male) |
| 6:27 | Create | Villager (Male) |
| 6:44 | Create | Villager (Male) |
| 6:47 | Research | Feudal Age |
| 6:47 | Research | Feudal Age |
| 7:02 | Build | House |
| 7:31 | Build | Mining Camp |
| 7:38 | Build | Mining Camp |
| 7:44 | Build | Barracks |
| 7:48 | Build | Barracks |
| 7:48 | Create | Villager (Male) |
| 8:00 | Create | Villager (Male) |
| 8:17 | Create | Militia |
| 8:17 | Create | Militia |
| 8:17 | Create | Militia |
| 8:24 | Build | House |
| 8:31 | Create | Militia |
| 8:45 | Create | Villager (Male) |
| 8:57 | Age | Feudal Age |
| 9:02 | Build | Watch Tower |
| 9:04 | Create | Villager (Male) |
| 9:10 | Create | Villager (Male) |
| 9:17 | Create | Militia |
| 9:36 | Build | Blacksmith |
| 10:00 | Build | House |
| 10:04 | Research | Town Watch |
| 10:13 | Create | Villager (Male) |
| 10:48 | Build | Mining Camp |
| 10:55 | Create | Villager (Male) |
| 10:55 | Create | Villager (Male) |
| 10:55 | Create | Villager (Male) |
| 11:06 | Create | Villager (Male) |
| 11:23 | Build | Mill |
| 11:24 | Create | Villager (Male) |
| 11:40 | Research | Fletching |
| 11:41 | Create | Villager (Male) |
| 11:49 | Create | Villager (Male) |
| 11:50 | Create | Villager (Male) |
| 12:22 | Build | House |
| 12:24 | Create | Villager (Male) |
| 12:27 | Build | Farm |
| 12:44 | Build | House |
| 12:50 | Build | House |
| 13:02 | Create | Villager (Male) |
| 13:13 | Build | Mill |
| 13:31 | Create | Villager (Male) |
| 13:37 | Build | Farm |
| 13:39 | Build | Farm |
| 13:52 | Build | Farm |
| 13:59 | Build | Farm |
| 14:00 | Create | Villager (Male) |
| 14:00 | Create | Villager (Male) |
| 14:38 | Create | Villager (Male) |
| 14:42 | Build | Farm |
| 14:48 | Build | Farm |
| 14:48 | Create | Villager (Male) |
| 15:14 | Create | Villager (Male) |
| 15:21 | Build | Farm |
| 15:34 | Create | Villager (Male) |
| 15:46 | Create | Villager (Male) |
| 16:09 | Build | House |
| 16:09 | Build | House |
| 16:13 | Create | Villager (Male) |
| 16:18 | Build | Farm |
| 16:20 | Build | Farm |
| 16:31 | Build | Farm |
| 16:31 | Create | Villager (Male) |
| 16:44 | Create | Villager (Male) |
| 16:53 | Build | Market |
| 17:07 | Build | Farm |
| 17:07 | Create | Villager (Male) |
| 17:12 | Build | House |
| 17:17 | Create | Villager (Male) |
| 17:21 | Create | Villager (Male) |
| 17:34 | Build | Farm |
| 17:34 | Create | Villager (Male) |
| 17:59 | Create | Villager (Male) |
| 18:26 | Build | Farm |
| 18:27 | Create | Villager (Male) |
| 18:50 | Create | Villager (Male) |
| 19:01 | Research | Castle Age |
| 19:01 | Research | Castle Age |
| 19:10 | Research | Stone Mining |
| 19:12 | Build | House |
| 19:23 | Create | Villager (Male) |
| 19:49 | Build | House |
| 19:51 | Create | Villager (Male) |
| 20:21 | Build | House |
| 20:45 | Build | Farm |
| 20:54 | Build | House |
| 21:06 | Build | House |
| 21:27 | Create | Villager (Male) |
| 21:29 | Research | Double-Bit Axe |
| 21:30 | Research | Horse Collar |
| 21:41 | Age | Castle Age |
| 21:49 | Build | Town Center |
| 21:50 | Create | Villager (Male) |
| 22:11 | Build | Krepost |
| 22:18 | Build | Krepost |
| 22:26 | Create | Villager (Male) |
| 22:36 | Create | Villager (Male) |
| 22:47 | Research | Bow Saw |
| 22:57 | Create | Villager (Male) |
| 23:01 | Create | Villager (Male) |
| 23:01 | Create | Villager (Male) |
| 23:01 | Create | Villager (Male) |
| 23:29 | Build | Siege Workshop |
| 23:45 | Build | Mining Camp |
| 24:01 | Create | Mangonel |
| 24:02 | Create | Mangonel |
| 24:27 | Create | Villager (Male) |
| 24:27 | Create | Villager (Male) |
| 24:27 | Create | Villager (Male) |
| 24:27 | Create | Villager (Male) |
| 24:27 | Create | Villager (Male) |
| 24:27 | Create | Villager (Male) |
Build order — Алтайдың ар жағынан келген ару
First 150 of 417 actions detected
| 0:01 | Create | Villager (Male) |
| 0:02 | Build | House |
| 0:03 | Build | House |
| 0:07 | Create | Villager (Male) |
| 0:07 | Create | Villager (Male) |
| 0:07 | Create | Villager (Male) |
| 1:34 | Create | Villager (Male) |
| 1:54 | Build | Lumber Camp |
| 1:55 | Create | Villager (Male) |
| 2:16 | Create | Villager (Male) |
| 2:37 | Build | House |
| 2:38 | Build | House |
| 2:56 | Create | Villager (Male) |
| 3:12 | Create | Villager (Male) |
| 3:45 | Create | Villager (Male) |
| 3:45 | Create | Villager (Male) |
| 4:28 | Create | Villager (Male) |
| 4:43 | Build | Mill |
| 5:03 | Create | Villager (Male) |
| 5:16 | Create | Villager (Male) |
| 5:37 | Create | Villager (Male) |
| 6:14 | Create | Villager (Male) |
| 6:19 | Build | Mill |
| 6:24 | Create | Villager (Male) |
| 6:48 | Create | Villager (Male) |
| 7:04 | Create | Villager (Male) |
| 7:21 | Build | House |
| 7:55 | Create | Villager (Male) |
| 7:55 | Create | Villager (Male) |
| 8:20 | Create | Villager (Male) |
| 8:51 | Build | Farm |
| 8:53 | Create | Villager (Male) |
| 8:55 | Build | Farm |
| 9:03 | Research | Feudal Age |
| 9:21 | Build | Mining Camp |
| 9:32 | Build | Farm |
| 9:34 | Build | Farm |
| 10:06 | Create | Villager (Male) |
| 10:06 | Create | Villager (Male) |
| 10:32 | Build | Barracks |
| 11:48 | Age | Feudal Age |
| 11:50 | Build | Stable |
| 12:06 | Build | Blacksmith |
| 12:12 | Research | Double-Bit Axe |
| 12:47 | Research | Castle Age |
| 12:57 | Build | Lumber Camp |
| 13:07 | Build | Farm |
| 13:16 | Research | Horse Collar |
| 13:16 | Research | Horse Collar |
| 13:23 | Build | Farm |
| 13:32 | Build | Farm |
| 13:51 | Research | Wheelbarrow |
| 14:02 | Build | House |
| 14:23 | Create | Scout Cavalry |
| 14:23 | Create | Scout Cavalry |
| 14:34 | Build | Farm |
| 14:37 | Build | Farm |
| 14:39 | Build | Farm |
| 14:43 | Build | Farm |
| 15:12 | Build | House |
| 15:16 | Create | Scout Cavalry |
| 15:27 | Age | Castle Age |
| 15:29 | Build | Monastery |
| 15:31 | Create | Villager (Male) |
| 15:31 | Create | Villager (Male) |
| 15:52 | Create | Scout Cavalry |
| 16:08 | Build | Farm |
| 16:13 | Create | Monk |
| 16:18 | Build | Town Center |
| 16:44 | Create | Villager (Male) |
| 16:44 | Create | Villager (Male) |
| 17:06 | Create | Scout Cavalry |
| 17:21 | Create | Monk |
| 17:24 | Build | Farm |
| 17:30 | Build | Farm |
| 17:36 | Build | Farm |
| 17:38 | Create | Villager (Male) |
| 17:39 | Create | Villager (Male) |
| 17:42 | Build | Farm |
| 17:45 | Build | Farm |
| 17:48 | Build | House |
| 17:49 | Build | House |
| 18:12 | Create | Villager (Male) |
| 18:33 | Create | Villager (Male) |
| 18:33 | Create | Villager (Male) |
| 18:34 | Create | Villager (Male) |
| 18:36 | Build | House |
| 18:37 | Build | House |
| 18:40 | Build | Farm |
| 18:42 | Build | Farm |
| 19:10 | Create | Villager (Male) |
| 19:10 | Create | Villager (Male) |
| 19:12 | Create | Villager (Male) |
| 19:13 | Create | Villager (Male) |
| 19:33 | Build | Town Center |
| 20:01 | Create | Villager (Male) |
| 20:01 | Create | Villager (Male) |
| 20:02 | Create | Villager (Male) |
| 20:09 | Research | Bow Saw |
| 20:13 | Build | Farm |
| 20:18 | Build | House |
| 20:18 | Build | House |
| 20:26 | Build | House |
| 20:27 | Build | House |
| 20:44 | Create | Villager (Male) |
| 20:44 | Create | Villager (Male) |
| 20:50 | Research | Hand Cart |
| 20:54 | Build | Farm |
| 21:08 | Create | Villager (Male) |
| 21:08 | Create | Villager (Male) |
| 21:15 | Create | Villager (Male) |
| 21:16 | Create | Villager (Male) |
| 21:16 | Create | Villager (Male) |
| 21:17 | Create | Villager (Male) |
| 21:23 | Build | House |
| 21:24 | Build | House |
| 21:46 | Create | Villager (Male) |
| 21:47 | Create | Villager (Male) |
| 21:52 | Build | Farm |
| 21:57 | Build | Farm |
| 21:58 | Build | Farm |
| 22:00 | Build | House |
| 22:00 | Build | House |
| 22:15 | Build | Archery Range |
| 22:18 | Create | Villager (Male) |
| 22:18 | Create | Villager (Male) |
| 22:19 | Create | Villager (Male) |
| 22:23 | Build | Lumber Camp |
| 22:26 | Research | Heavy Plow |
| 22:26 | Research | Heavy Plow |
| 22:42 | Create | Villager (Male) |
| 22:42 | Create | Villager (Male) |
| 22:42 | Create | Villager (Male) |
| 22:48 | Build | Farm |
| 22:52 | Build | University |
| 22:55 | Create | Villager (Male) |
| 22:55 | Create | Villager (Male) |
| 23:05 | Create | Villager (Male) |
| 23:10 | Build | Farm |
| 23:11 | Research | Gold Mining |
| 23:15 | Create | Villager (Male) |
| 23:18 | Build | House |
| 23:19 | Build | House |
| 23:29 | Create | Villager (Male) |
| 23:30 | Create | Villager (Male) |
| 23:35 | Build | Farm |
| 23:41 | Build | Farm |
| 23:43 | Build | Farm |
| 23:44 | Build | Farm |
| 23:45 | Build | Farm |
Build order — Ding-Dong
First 150 of 323 actions detected
| 0:02 | Build | House |
| 0:04 | Build | House |
| 0:05 | Create | Villager (Male) |
| 0:05 | Create | Villager (Male) |
| 0:06 | Create | Villager (Male) |
| 0:06 | Create | Villager (Male) |
| 0:06 | Create | Villager (Male) |
| 0:06 | Create | Villager (Male) |
| 0:06 | Create | Villager (Male) |
| 0:07 | Create | Villager (Male) |
| 1:27 | Create | Villager (Male) |
| 1:27 | Create | Villager (Male) |
| 1:29 | Create | Villager (Male) |
| 1:55 | Build | Lumber Camp |
| 2:02 | Create | Villager (Male) |
| 2:02 | Create | Villager (Male) |
| 2:02 | Create | Villager (Male) |
| 2:03 | Create | Villager (Male) |
| 2:03 | Create | Villager (Male) |
| 2:22 | Create | Villager (Male) |
| 2:22 | Create | Villager (Male) |
| 2:22 | Create | Villager (Male) |
| 2:22 | Create | Villager (Male) |
| 2:57 | Create | Villager (Male) |
| 2:57 | Create | Villager (Male) |
| 2:57 | Create | Villager (Male) |
| 2:57 | Create | Villager (Male) |
| 3:25 | Create | Villager (Male) |
| 3:25 | Create | Villager (Male) |
| 3:25 | Create | Villager (Male) |
| 3:25 | Create | Villager (Male) |
| 3:31 | Build | House |
| 3:44 | Create | Villager (Male) |
| 3:45 | Create | Villager (Male) |
| 3:45 | Create | Villager (Male) |
| 4:20 | Create | Villager (Male) |
| 4:21 | Create | Villager (Male) |
| 4:27 | Create | Villager (Male) |
| 4:27 | Create | Villager (Male) |
| 4:27 | Create | Villager (Male) |
| 4:27 | Create | Villager (Male) |
| 4:27 | Create | Villager (Male) |
| 4:27 | Create | Villager (Male) |
| 4:28 | Create | Villager (Male) |
| 4:54 | Build | House |
| 5:22 | Create | Villager (Male) |
| 5:59 | Build | Mill |
| 6:03 | Create | Villager (Male) |
| 6:14 | Create | Villager (Male) |
| 6:47 | Create | Villager (Male) |
| 6:59 | Build | Mill |
| 7:02 | Create | Villager (Male) |
| 7:45 | Research | Feudal Age |
| 8:23 | Build | Barracks |
| 9:03 | Build | Farm |
| 9:07 | Build | Farm |
| 9:21 | Build | House |
| 9:42 | Build | House |
| 9:55 | Age | Feudal Age |
| 10:03 | Build | Stable |
| 10:07 | Create | Villager (Male) |
| 10:11 | Create | Villager (Male) |
| 10:28 | Build | Stable |
| 10:32 | Create | Villager (Male) |
| 10:46 | Create | Scout Cavalry |
| 10:46 | Create | Scout Cavalry |
| 10:53 | Create | Villager (Male) |
| 10:58 | Create | Villager (Male) |
| 11:01 | Create | Scout Cavalry |
| 11:16 | Create | Scout Cavalry |
| 11:16 | Create | Scout Cavalry |
| 11:36 | Build | Blacksmith |
| 11:48 | Create | Scout Cavalry |
| 11:48 | Create | Scout Cavalry |
| 11:56 | Create | Villager (Male) |
| 12:08 | Build | Farm |
| 12:08 | Build | Farm |
| 12:10 | Build | Farm |
| 12:10 | Build | Farm |
| 12:19 | Build | House |
| 12:35 | Create | Scout Cavalry |
| 12:35 | Create | Scout Cavalry |
| 12:35 | Create | Scout Cavalry |
| 13:07 | Create | Villager (Male) |
| 13:20 | Create | Villager (Male) |
| 13:22 | Build | Farm |
| 13:22 | Build | Farm |
| 13:23 | Build | Farm |
| 13:31 | Build | Farm |
| 13:35 | Create | Villager (Male) |
| 13:48 | Build | Mining Camp |
| 13:51 | Create | Villager (Male) |
| 14:11 | Create | Villager (Male) |
| 14:25 | Build | Farm |
| 14:26 | Create | Villager (Male) |
| 14:33 | Build | Farm |
| 14:37 | Create | Villager (Male) |
| 14:40 | Build | Farm |
| 14:42 | Create | Villager (Male) |
| 14:59 | Create | Villager (Male) |
| 15:28 | Build | House |
| 15:31 | Build | House |
| 15:35 | Build | Farm |
| 15:36 | Build | Farm |
| 15:45 | Research | Wheelbarrow |
| 15:45 | Research | Wheelbarrow |
| 15:45 | Research | Wheelbarrow |
| 16:24 | Create | Villager (Male) |
| 16:27 | Create | Villager (Male) |
| 17:25 | Create | Villager (Male) |
| 17:29 | Build | Farm |
| 17:29 | Build | Farm |
| 17:29 | Build | Farm |
| 17:31 | Build | Farm |
| 17:38 | Research | Castle Age |
| 17:47 | Create | Villager (Male) |
| 18:00 | Research | Scale Barding Armor |
| 18:03 | Create | Villager (Male) |
| 18:10 | Build | Farm |
| 18:10 | Build | Farm |
| 18:19 | Create | Scout Cavalry |
| 18:19 | Create | Scout Cavalry |
| 18:20 | Create | Scout Cavalry |
| 18:38 | Create | Villager (Male) |
| 18:51 | Create | Villager (Male) |
| 18:57 | Build | Farm |
| 18:57 | Build | Farm |
| 18:58 | Create | Villager (Male) |
| 19:08 | Research | Forging |
| 19:47 | Create | Scout Cavalry |
| 19:47 | Create | Scout Cavalry |
| 20:03 | Build | Farm |
| 20:03 | Build | Farm |
| 20:20 | Age | Castle Age |
| 20:30 | Research | Chain Barding Armor |
| 20:32 | Research | Light Cavalry (upgrade) |
| 20:36 | Research | Husbandry |
| 21:18 | Create | Scout Cavalry |
| 21:18 | Create | Scout Cavalry |
| 21:37 | Build | Farm |
| 21:37 | Build | Farm |
| 21:37 | Build | Farm |
| 22:30 | Research | Iron Casting |
| 22:42 | Create | Knight |
| 22:42 | Create | Knight |
| 22:44 | Create | Villager (Male) |
| 22:48 | Build | House |
| 22:50 | Build | House |
| 23:07 | Create | Villager (Male) |
| 23:11 | Create | Knight |
Build order — Ackerman-lll
First 150 of 376 actions detected
| 0:01 | Create | Villager (Male) |
| 0:01 | Create | Villager (Male) |
| 0:03 | Build | House |
| 0:04 | Build | House |
| 0:24 | Create | Villager (Male) |
| 0:24 | Create | Villager (Male) |
| 1:25 | Create | Villager (Male) |
| 1:25 | Create | Villager (Male) |
| 1:53 | Build | Lumber Camp |
| 2:08 | Create | Villager (Male) |
| 2:08 | Create | Villager (Male) |
| 2:22 | Create | Villager (Male) |
| 2:22 | Create | Villager (Male) |
| 2:22 | Create | Villager (Male) |
| 2:53 | Create | Villager (Male) |
| 2:53 | Create | Villager (Male) |
| 3:03 | Create | Villager (Male) |
| 3:03 | Create | Villager (Male) |
| 3:35 | Create | Villager (Male) |
| 3:35 | Create | Villager (Male) |
| 3:56 | Build | House |
| 3:59 | Build | House |
| 4:01 | Create | Villager (Male) |
| 4:01 | Create | Villager (Male) |
| 4:36 | Create | Villager (Male) |
| 4:37 | Create | Villager (Male) |
| 4:41 | Create | Villager (Male) |
| 4:42 | Create | Villager (Male) |
| 5:20 | Build | Mill |
| 5:24 | Create | Villager (Male) |
| 5:25 | Create | Villager (Male) |
| 5:25 | Create | Villager (Male) |
| 5:49 | Create | Villager (Male) |
| 5:50 | Create | Villager (Male) |
| 6:04 | Create | Villager (Male) |
| 6:04 | Create | Villager (Male) |
| 6:14 | Create | Villager (Male) |
| 6:14 | Create | Villager (Male) |
| 6:33 | Create | Villager (Male) |
| 6:40 | Build | Mill |
| 6:54 | Create | Villager (Male) |
| 7:13 | Create | Villager (Male) |
| 7:16 | Build | Farm |
| 7:34 | Create | Villager (Male) |
| 8:03 | Build | Mining Camp |
| 8:11 | Build | Farm |
| 8:35 | Build | Farm |
| 8:41 | Research | Feudal Age |
| 8:41 | Research | Feudal Age |
| 8:56 | Build | House |
| 10:11 | Create | Villager (Male) |
| 10:11 | Create | Villager (Male) |
| 10:51 | Age | Feudal Age |
| 10:55 | Build | Market |
| 11:10 | Build | Blacksmith |
| 11:53 | Research | Castle Age |
| 11:53 | Research | Castle Age |
| 12:07 | Build | Lumber Camp |
| 12:09 | Research | Double-Bit Axe |
| 12:09 | Research | Double-Bit Axe |
| 13:00 | Create | Villager (Male) |
| 13:01 | Create | Villager (Male) |
| 13:08 | Research | Horse Collar |
| 13:08 | Research | Horse Collar |
| 14:27 | Create | Villager (Male) |
| 14:33 | Age | Castle Age |
| 14:35 | Build | Town Center |
| 14:41 | Build | Town Center |
| 14:45 | Create | Villager (Male) |
| 14:50 | Research | Bow Saw |
| 14:50 | Research | Bow Saw |
| 15:13 | Build | Farm |
| 15:30 | Build | Farm |
| 15:32 | Build | Farm |
| 15:47 | Create | Villager (Male) |
| 15:51 | Build | Farm |
| 15:58 | Build | Farm |
| 15:59 | Create | Villager (Male) |
| 16:03 | Create | Villager (Male) |
| 16:06 | Build | Farm |
| 16:19 | Build | Farm |
| 16:23 | Create | Villager (Male) |
| 16:24 | Create | Villager (Male) |
| 16:52 | Create | Villager (Male) |
| 16:52 | Create | Villager (Male) |
| 17:01 | Build | Farm |
| 17:04 | Build | House |
| 17:19 | Build | Stone Wall |
| 17:20 | Build | Stone Wall |
| 17:23 | Build | Farm |
| 17:27 | Create | Villager (Male) |
| 17:27 | Create | Villager (Male) |
| 17:31 | Build | Farm |
| 17:33 | Build | Farm |
| 17:43 | Build | Stone Wall |
| 17:47 | Build | Stone Wall |
| 17:53 | Create | Villager (Male) |
| 17:53 | Create | Villager (Male) |
| 17:54 | Create | Villager (Male) |
| 17:59 | Build | Farm |
| 18:00 | Build | Farm |
| 18:04 | Build | Stone Wall |
| 18:05 | Build | Stone Wall |
| 18:12 | Build | Stone Wall |
| 18:25 | Create | Villager (Male) |
| 18:25 | Create | Villager (Male) |
| 18:25 | Create | Villager (Male) |
| 18:34 | Build | Farm |
| 18:36 | Build | Farm |
| 18:38 | Build | Farm |
| 18:46 | Build | Stone Wall |
| 18:50 | Build | Farm |
| 18:51 | Build | Mining Camp |
| 18:54 | Create | Villager (Male) |
| 18:54 | Create | Villager (Male) |
| 18:54 | Create | Villager (Male) |
| 19:07 | Build | House |
| 19:08 | Build | House |
| 19:13 | Research | Loom |
| 19:25 | Build | Castle |
| 19:38 | Build | Stone Wall |
| 19:44 | Create | Villager (Male) |
| 19:44 | Create | Villager (Male) |
| 19:45 | Create | Villager (Male) |
| 19:45 | Create | Villager (Male) |
| 19:45 | Create | Villager (Male) |
| 19:56 | Build | Farm |
| 20:13 | Build | Farm |
| 20:13 | Build | Farm |
| 20:13 | Build | Farm |
| 20:14 | Build | Farm |
| 20:14 | Build | Farm |
| 20:14 | Build | Farm |
| 20:14 | Build | Farm |
| 20:26 | Build | House |
| 20:32 | Build | House |
| 20:35 | Build | House |
| 20:52 | Build | House |
| 20:56 | Create | Villager (Male) |
| 20:56 | Create | Villager (Male) |
| 20:56 | Create | Villager (Male) |
| 21:13 | Create | Hussite Wagon |
| 21:29 | Create | Hussite Wagon |
| 21:35 | Build | Stone Wall |
| 21:41 | Research | Padded Archer Armor |
| 21:42 | Research | Fletching |
| 21:52 | Create | Hussite Wagon |
| 22:45 | Create | Villager (Male) |
| 22:45 | Create | Villager (Male) |
| 23:09 | Create | Villager (Male) |
Match timeline
| 7:44 | sefakcaoglu · first_building Barracks |
| 8:23 | Ding-Dong · first_building Barracks |
| 8:57 | sefakcaoglu · age_up feudal |
| 9:55 | Ding-Dong · age_up feudal |
| 10:03 | Ding-Dong · first_building Stable |
| 10:09 | just a rookie dont blame me · first_building Barracks |
| 10:16 | Faker · age_up feudal |
| 10:32 | Алтайдың ар жағынан келген ару · first_building Barracks |
| 10:36 | just a rookie dont blame me · wall_segment Palisade Wall x1 |
| 10:51 | Ackerman-lll · age_up feudal |
| 11:21 | jimmy211211 · age_up feudal |
| 11:28 | just a rookie dont blame me · age_up feudal |
| 11:34 | Clint Eastwood · age_up feudal |
| 11:48 | Алтайдың ар жағынан келген ару · age_up feudal |
| 11:50 | Алтайдың ар жағынан келген ару · first_building Stable |
| 12:50 | Clint Eastwood · first_market_sell 100 wood |
| 12:53 | Clint Eastwood · first_market_buy 100 food |
| 14:33 | Ackerman-lll · age_up castle |
| 14:50 | Faker · first_building Barracks |
| 14:57 | jimmy211211 · age_up castle |
| 15:27 | Алтайдың ар жағынан келген ару · age_up castle |
| 15:29 | Алтайдың ар жағынан келген ару · first_building Monastery |
| 15:49 | Faker · age_up castle |
| 16:08 | Clint Eastwood · age_up castle |
| 16:33 | jimmy211211 · first_building Monastery |
| 16:58 | just a rookie dont blame me · first_market_sell 100 wood |
| 17:06 | Clint Eastwood · first_building Castle |
| 17:19 | Ackerman-lll · wall_segment Stone Wall x1 |
| 17:20 | Ackerman-lll · wall_segment Stone Wall x1 |
| 17:37 | just a rookie dont blame me · first_market_buy 100 food |
| 17:43 | Ackerman-lll · wall_segment Stone Wall x1 |
| 17:47 | Ackerman-lll · wall_segment Stone Wall x7 |
| 18:04 | Ackerman-lll · wall_segment Stone Wall x1 |
| 18:05 | Ackerman-lll · wall_segment Stone Wall x1 |
| 18:12 | Ackerman-lll · wall_segment Stone Wall x4 |
| 18:46 | Ackerman-lll · wall_segment Stone Wall x1 |
| 18:52 | Faker · first_building Stable |
| 18:56 | Ackerman-lll · first_market_buy 100 stone |
| 18:58 | Ackerman-lll · first_market_sell 100 wood |
| 19:25 | Ackerman-lll · first_building Castle |
| 19:38 | Ackerman-lll · wall_segment Stone Wall x7 |
| 20:20 | Ding-Dong · age_up castle |
| 20:20 | just a rookie dont blame me · age_up castle |
| 20:24 | just a rookie dont blame me · first_building Siege Workshop |
| 20:48 | Clint Eastwood · first_building Monastery |
| 21:35 | Ackerman-lll · wall_segment Stone Wall x1 |
| 21:41 | sefakcaoglu · age_up castle |
| 21:45 | sefakcaoglu · first_market_sell 100 food |
| 21:46 | sefakcaoglu · first_market_buy 100 wood |
| 22:11 | sefakcaoglu · first_building Krepost |
| 22:15 | Алтайдың ар жағынан келген ару · first_building Archery Range |
| 23:29 | sefakcaoglu · first_building Siege Workshop |
| 24:40 | Ackerman-lll · wall_segment Stone Wall x1 |
| 24:42 | Ackerman-lll · wall_segment Stone Wall x1 |
| 25:19 | just a rookie dont blame me · first_building Castle |
| 25:30 | Алтайдың ар жағынан келген ару · first_market_buy 100 food |
| 25:47 | Clint Eastwood · wall_segment Stone Wall x12 |
| 26:00 | jimmy211211 · first_building Barracks |
| 26:06 | Clint Eastwood · age_up imperial |
| 26:23 | Clint Eastwood · wall_segment Palisade Wall x6 |
| 26:30 | jimmy211211 · first_building Stable |
| 26:33 | Clint Eastwood · wall_segment Palisade Wall x5 |
| 27:05 | Алтайдың ар жағынан келген ару · first_market_sell 100 wood |
| 27:19 | Clint Eastwood · wall_segment Palisade Wall x1 |
| 27:30 | Faker · first_market_sell 100 wood |
| 27:40 | just a rookie dont blame me · first_building Monastery |
| 27:46 | Ding-Dong · first_building Monastery |
| 27:58 | Clint Eastwood · first_building Siege Workshop |
| 28:07 | Faker · first_building Monastery |
| 28:22 | Ackerman-lll · first_building Barracks |
| 28:23 | sefakcaoglu · first_building Monastery |
| 28:44 | Алтайдың ар жағынан келген ару · age_up imperial |
| 28:52 | Clint Eastwood · wall_segment Palisade Wall x1 |
| 29:40 | Ackerman-lll · wall_segment Stone Wall x1 |
| 29:51 | Ackerman-lll · wall_segment Stone Wall x5 |
| 29:55 | jimmy211211 · age_up imperial |
| 30:03 | Ackerman-lll · wall_segment Stone Wall x2 |
| 30:37 | Ackerman-lll · age_up imperial |
| 30:42 | Faker · first_building Castle |
| 30:50 | Clint Eastwood · wall_segment Stone Wall x1 |
| 31:04 | Алтайдың ар жағынан келген ару · first_building Castle |
| 31:17 | Ding-Dong · first_market_sell 100 food |
| 31:24 | just a rookie dont blame me · wall_segment Stone Wall x1 |
| 31:28 | just a rookie dont blame me · wall_segment Stone Wall x1 |
| 31:30 | just a rookie dont blame me · wall_segment Stone Wall x1 |
| 31:34 | Faker · age_up imperial |
| 31:55 | Ackerman-lll · first_building Siege Workshop |
| 32:24 | sefakcaoglu · age_up imperial |
| 32:32 | jimmy211211 · first_market_sell 500 food |
| 33:04 | jimmy211211 · first_building Castle |
| 33:07 | sefakcaoglu · first_building Castle |
| 33:12 | Алтайдың ар жағынан келген ару · first_building Siege Workshop |
| 33:59 | sefakcaoglu · wall_segment Stone Wall x1 |
| 34:01 | just a rookie dont blame me · age_up imperial |
| 34:02 | sefakcaoglu · wall_segment Stone Wall x1 |
| 34:12 | sefakcaoglu · wall_segment Stone Wall x1 |
| 34:14 | sefakcaoglu · wall_segment Stone Wall x1 |
| 34:19 | Ackerman-lll · wall_segment Stone Wall x1 |
| 34:20 | Ackerman-lll · wall_segment Stone Wall x1 |
| 34:25 | Ackerman-lll · wall_segment Stone Wall x1 |
| 34:32 | Ding-Dong · age_up imperial |
| 34:54 | just a rookie dont blame me · wall_segment Stone Wall x1 |
| 35:24 | just a rookie dont blame me · wall_segment Stone Wall x5 |
| 36:25 | Clint Eastwood · first_building Barracks |
| 37:40 | Ackerman-lll · wall_segment Stone Wall x1 |
| 37:47 | Ackerman-lll · wall_segment Stone Wall x1 |
| 38:12 | Clint Eastwood · first_building Archery Range |
| 40:48 | Алтайдың ар жағынан келген ару · tribute_sent a jugador 1 |
| 40:48 | Алтайдың ар жағынан келген ару · tribute_sent a jugador 2 |
| 40:48 | Алтайдың ар жағынан келген ару · tribute_sent a jugador 3 |
| 40:48 | Алтайдың ар жағынан келген ару · tribute_sent a jugador 4 |
| 40:48 | Алтайдың ар жағынан келген ару · tribute_sent a jugador 6 |
| 40:48 | Алтайдың ар жағынан келген ару · tribute_sent a jugador 7 |
| 40:48 | Алтайдың ар жағынан келген ару · tribute_sent a jugador 8 |
| 40:52 | Faker · resign |
[ AI ANALYSIS · 1 CREDIT ]
What really happened in this match?
Wolo.gg analyzes every decision: build order, eco, micro, common mistakes by bracket. Personalized analysis on WhatsApp or Discord in 30 seconds.
Civ guide
Persians
Perfil
Jugador #299457